[Event "Early-Titled-Tuesday-Blitz-September-12-2023"]
[Site "Chess.com"]
[Date "2023.09.12"]
[Round "3"]
[White "FabianoCaruana"]
[Black "tsaruk_maks"]
[Result "1-0"]
[WhiteElo "3066"]
[BlackElo "2762"]
[TimeControl "180+1"]
[EndTime "8:28:25 PDT"]
[Termination "FabianoCaruana won on time"]

1. d4 Nf6 2. c4 e6 3. Nc3 d5 4. Bg5 Bb4 5. e3 h6 6. Bxf6 Qxf6 7. Qa4+ Nc6 8. cxd5 exd5 9. Nf3 O-O 10. Bd3 Bg4 11.
Be2 Bd7 12. O-O a5 13. Nxd5 Qd6 14. Nxb4 Nxd4 15. Qd1 Nxe2+ 16. Qxe2 axb4 17. Rfd1 Qe7 18. b3 c5 19. Rac1 b6 20. Ne5 Be6 21. Nc4 Bxc4 22.
Rxc4 Rfd8 23. Rcc1 Rxd1+ 24. Rxd1 Rd8 25. Re1 Qd7 26.
Qa6 Qd2 27. Rf1 Qd6 28. h3 g6 29. e4 h5 30. h4 Qc6 31. Qe2 Rd4 32. Re1 Qd7 33. Qf3 Rd2 34. e5 Qe6 35. Qf4 Rxa2 36. Rd1 Ra8 37. Rd6 Qg4 38. Qxg4 hxg4 39. Rxb6 Ra3 40.
Rc6 Rxb3 41. Rxc5 g3 42. fxg3 Rxg3 43. Rc4 b3 44. Rb4 Re3 45. Rb5 Kg7 46. Kf2 Rc3 47. g4 Rc2+ 48. Kf3 b2 49. Rb7 Kf8 50. Kf4 Rc4+ 51. Kg5 Rc2 52. e6 fxe6 53. Kxg6 Ke8 54. h5 e5 55. h6 e4 56. h7 Rh2 57.
Rxb2 1-0

[Event "Early-Titled-Tuesday-Blitz-September-12-2023"]
[Site "Chess.com"]
[Date "2023.09.12"]
[Round "3"]
[White "Pingah9"]
[Black "Chaos_Magic"]
[Result "1-0"]
[WhiteElo "2565"]
[BlackElo "2375"]
[TimeControl "180+1"]
[EndTime "8:28:25 PDT"]
[Termination "Pingah9 won by checkmate"]

1. e4 e5 2. Nf3 Nc6 3. Bb5 a6 4. Ba4 Nf6 5. O-O Be7 6. d3 b5 7. Bb3 O-O 8. c3 Bb7 9. Re1 Re8 10. Ng5 Rf8 11. h3 h6 12. Nf3 Re8 13. Nbd2 Bf8 14. Nf1 d5 15. Qe2 g6 16. Ng3 Bg7 17. a4 Qd7 18. axb5 axb5 19. Rxa8 Bxa8 20. Be3 b4 21. Bc5 bxc3 22. bxc3 dxe4 23. Nxe4 Nxe4 24. dxe4 Na5 25. Ba2 Qc6 26. Bb4 Nb7 27. Ra1 Qd7 28. Bd5 c6 29.
Ba2 c5 30. Ba3 Qc7 31. Qa6 Nd6 32. Nd2 Nxe4 33. Nxe4 Bxe4 34. Re1 Bf5 35. Qb5 Rc8 36. Bc4 e4 37. Qb3 Re8 38. Bd5 Qe5 39. Bxf7+ Kh7 40.
Bxe8 Qxe8 41. Bxc5 Qc6 42. Bd4 Bxd4 43. cxd4 h5 44.
Qe3 Qc2 45. Rc1 Qb2 46. Rc7+ Kg8 47. Qh6 Qxd4 48. Qh7+ Kf8 49. Qf7# 1-0

[Event "Early-Titled-Tuesday-Blitz-September-12-2023"]
[Site "Chess.com"]
[Date "2023.09.12"]
[Round "3"]
[White "Barmen_EV"]
[Black "DarZay"]
[Result "1-0"]
[WhiteElo "2463"]
[BlackElo "2262"]
[TimeControl "180+1"]
[EndTime "8:28:25 PDT"]
[Termination "Barmen_EV won on time"]

1. e4 c5 2. c3 Nf6 3. e5 Nd5 4. d4 cxd4 5. Nf3 d6 6. Bc4 e6 7.
Bxd5 exd5 8. cxd4 dxe5 9. Nxe5 Bb4+ 10. Nc3 O-O 11. O-O Nc6 12. Re1 Be6 13. Nxc6 bxc6 14. Bf4 Bd6 15. Qf3 Qc7 16. Bxd6 Qxd6 17. Na4 Qb4 18.
Nc5 Qxd4 19. Rac1 Qxb2 20. Qg3 Rae8 21. h4 Bf5 22. h5 h6 23. Qf4 Bh7 24. Nd7 Rxe1+ 25.
Rxe1 Rc8 26. Qc7 Ra8 27. Ne5 Be4 28. Qxf7+ Kh7 29. Ng4 Qc3 30. Re3 Qa1+ 31. Kh2 Qd4 32. Rg3 Rg8 33. Nxh6 Kxh6 34. Qxg8 Qe5 35. Qh8+ Bh7 36.
Qc8 d4 37. Qxc6+ Qf6 38. Qxf6+ gxf6 39. Rg4 d3 40. Rd4 Kxh5 41. Kg3 Kg5 42. Rd5+ Bf5 43. f4+ Kg6 44. Kf3 a5 45. g4 1-0

[Event "Early-Titled-Tuesday-Blitz-September-12-2023"]
[Site "Chess.com"]
[Date "2023.09.12"]
[Round "3"]
[White "Iunusovnuriddin"]
[Black "Bodhanas"]
[Result "1/2-1/2"]
[WhiteElo "2325"]
[BlackElo "1851"]
[TimeControl "180+1"]
[EndTime "8:28:25 PDT"]
[Termination "Game drawn - insufficient material"]

1. e4 d6 2. d4 g6 3. Nc3 Bg7 4. f4 c5 5. dxc5 Bxc3+ 6. bxc3 dxc5 7. Qxd8+ Kxd8 8. Be3 b6 9. Bc4 e6 10. Nf3 Nf6 11. e5 Nd5 12. O-O-O Bb7 13. Bd2 Ke7 14. Ng5 Nd7 15. Rhe1 Rad8 16. Ne4 f6 17. exf6+ N7xf6 18. Ng5 Rd6 19. Re2 Rhd8 20. Rde1 Bc8 21. f5 gxf5 22. Bb5 Ne4 23. Nxe4 fxe4 24. Rxe4 Nf6 25. Bg5 Rd5 26. h4 Rxg5 27. hxg5 Nxe4 28. Rxe4 Rg8 29. Rh4 Rg7 30. Bd3 Rxg5 31. Rxh7+ Kd6 32. Be4 Bd7 33. Kd2 a5 34. Ke3 Rg3+ 35. Bf3 Bc6 36.
Kf2 Rg8 37. Bxc6 Kxc6 38. Kf3 Kb5 39. g4 Kc4 40. Rh6 Kxc3 41. Rxe6 b5 42. Re5 Rc8 43.
Re2 b4 44. g5 c4 45. Ke4 Rd8 46. Kf5 a4 47. g6 b3 48. cxb3 cxb3 49. axb3 axb3 50. Kf6 Rg8 51. Kf7 Rxg6 52. Kxg6 b2 53. Re1 Kc2 54. Rh1 b1=Q 55. Rxb1 Kxb1 1/2-1/2

[Event "Early-Titled-Tuesday-Blitz-September-12-2023"]
[Site "Chess.com"]
[Date "2023.09.12"]
[Round "3"]
[White "Quattroporte300"]
[Black "AleksandraMilovic"]
[Result "1-0"]
[WhiteElo "2393"]
[BlackElo "2115"]
[TimeControl "180+1"]
[EndTime "8:28:26 PDT"]
[Termination "Quattroporte300 won on time"]

1. e4 c5 2. Nf3 e6 3. g3 g6 4. Bg2 Bg7 5. O-O Ne7 6. c3 O-O 7. d4 cxd4 8. cxd4 d5 9. e5 Nbc6 10.
Nc3 a6 11. Bf4 b5 12. Qd2 Qb6 13. Rfd1 Bd7 14. Rac1 a5 15. Bh6 a4 16. Qg5 b4 17.
Ne2 Nf5 18. Bxg7 Nxg7 19. h4 Qd8 20. Qf4 Qe7 21. g4 h5 22. g5 Nf5 23. Bh3 b3 24. a3 Na5 25. Bxf5 exf5 26. Rc5 Nc4 27. Nc3 Be6 28. Rb1 Rfd8 29. Nd2 Nb6 30. Qe3 Rdc8 31. Rc1 Rxc5 32. dxc5 Nd7 33. Nb5 Rc8 34. Nd6 Rc6 35. f4 Nb8 36. Nf3 Qc7 37. Nd4 Rxc5 38. Rd1 Rc2 39.
Nxc2 Qxc2 40. Qd2 Qc5+ 41. Kg2 Nc6 42. Rc1 Qb6 43. Qc3 Nd4 44. Qc5 1-0

[Event "Early-Titled-Tuesday-Blitz-September-12-2023"]
[Site "Chess.com"]
[Date "2023.09.12"]
[Round "3"]
[White "Rikikits"]
[Black "thedjoker98"]
[Result "1-0"]
[WhiteElo "2860"]
[BlackElo "2635"]
[TimeControl "180+1"]
[EndTime "8:28:27 PDT"]
[Termination "Rikikits won on time"]

1. d4 d5 2. Nf3 Nf6 3. Bf4 c5 4. e3 e6 5. Nbd2 Bd6 6. dxc5 Bxc5 7. c4 Nc6 8. Be2 O-O 9. O-O Bd6 10. Bg5 h6 11. Bh4 b6 12. cxd5 exd5 13. Nb3 Be7 14. Nbd4 Nxd4 15. Nxd4 Bb7 16. Rc1 Ne4 17. Bxe7 Qxe7 18.
Qa4 a6 19. Rc2 Rac8 20. Rfc1 Rxc2 21. Rxc2 b5 22. Qa5 Rc8 23. Rxc8+ Bxc8 24. f3 Nd6 25. Qc3 b4 26. Qc1 a5 27. g3 Bd7 28. Kf2 h5 29. h4 Nf5 30. Nxf5 Bxf5 31. Qd2 Qe5 32. a3 Qd6 33. Qd4 bxa3 34. bxa3 Qxa3 35. Qxd5 g6 36. g4 hxg4 37. fxg4 Be6 38. Qd8+ Kh7 39. h5 Qc5 40. Qf6 gxh5 41. Bd3+ Kg8 42. g5 Qd6 43. Be2 h4 44.
Bf3 Qd2+ 45. Kg1 Qe1+ 46. Kh2 Qg3+ 47. Kh1 Qe1+ 48. Kh2 Qxe3 49. Qd8+ Kh7 50. g6+ 1-0

[Event "Early-Titled-Tuesday-Blitz-September-12-2023"]
[Site "Chess.com"]
[Date "2023.09.12"]
[Round "3"]
[White "colegiodemadrid"]
[Black "profedechess93"]
[Result "0-1"]
[WhiteElo "2482"]
[BlackElo "2674"]
[TimeControl "180+1"]
[EndTime "8:28:27 PDT"]
[Termination "profedechess93 won on time"]

1. e4 e6 2. d4 d5 3. e5 c5 4. c3 Nc6 5. Nf3 Qb6 6. a3 c4 7.
Nbd2 f6 8. Be2 fxe5 9. dxe5 Bc5 10. O-O Nge7 11. b4 cxb3 12. Nxb3 O-O 13. Nxc5 Qxc5 14.
Be3 Qxc3 15. Nd4 Nxe5 16. Nb5 Qa5 17. Bc5 Qd8 18. Rc1 a6 19. Nd6 b6 20. Bb4 a5 21.
Nxc8 axb4 22. Nxe7+ Qxe7 23. axb4 Qxb4 24. Rc7 Qf4 25. Rb7 Rab8 26. Ra7 d4 27. g3 Qe4 28. f4 d3 29. Bh5 Nc4 30. Qg4 Qd4+ 31. Kh1 Kh8 32.
Qxe6 Rbd8 33. f5 d2 34. Qe7 Qf6 35. Qe4 Rd4 36. Qe2 Rfd8 37. Qg2 Ne3 38. Qf2 Nxf1 0-1

[Event "Early-Titled-Tuesday-Blitz-September-12-2023"]
[Site "Chess.com"]
[Date "2023.09.12"]
[Round "3"]
[White "MaxLeto"]
[Black "OchsenfroschGambit"]
[Result "1-0"]
[WhiteElo "2380"]
[BlackElo "2073"]
[TimeControl "180+1"]
[EndTime "8:28:27 PDT"]
[Termination "MaxLeto won on time"]

1. g4 d5 2. Bg2 Nc6 3. h3 e5 4. d3 Nge7 5. Nc3 d4 6. Ne4 Ng6 7. Ng3 Nh4 8. Be4 g6 9. Nf3 Ng2+ 10.
Kf1 Nf4 11. e3 dxe3 12. fxe3 Ne6 13. Kg2 Be7 14. Bd2 O-O 15. Bc3 f6 16. h4 Kh8 17.
h5 g5 18. Qe2 Nc5 19. Bf5 Bd6 20. Raf1 Ne7 21. Bxc8 Rxc8 22. Nd2 Qd7 23. e4 Ne6 24. Qf3 Nf4+ 25. Kh2 Bc5 26. Nc4 b5 27. Na5 Bd4 28. Nb3 c5 29. Nf5 Nxf5 30. exf5 Bxc3 31. bxc3 c4 32.
dxc4 bxc4 33. Rd1 Qc7 34. Nd2 Rfd8 35. Ne4 Qb6 36. Rb1 Qa6 37. Rb2 Kg7 38. Rhb1 Rc7 39. Qf2 Qc6 40. Qf3 Rcd7 41. Kg3 h6 42. a4 Rd3 43. cxd3 Rxd3 44. Rb7+ Kf8 45. Rb8+ Ke7 46. R1b7+ Rd7 47. Rxd7+ Kxd7 48. Qe3 1-0

[Event "Early-Titled-Tuesday-Blitz-September-12-2023"]
[Site "Chess.com"]
[Date "2023.09.12"]
[Round "3"]
[White "mmDarko"]
[Black "GeorgiosSouleidis"]
[Result "1/2-1/2"]
[WhiteElo "2211"]
[BlackElo "2532"]
[TimeControl "180+1"]
[EndTime "8:28:28 PDT"]
[Termination "Game drawn by repetition"]

1. d4 Nf6 2. Nf3 g6 3. g3 Bg7 4.
Bg2 O-O 5. O-O d6 6. c4 Nc6 7. Nc3 e5 8. d5 Nb8 9. e4 a5 10. Ne1 Na6 11. Nd3 b6 12. h3 Nc5 13. Nxc5 bxc5 14.
Be3 Ne8 15. Qd2 f5 16. f4 exf4 17. Bxf4 Rb8 18. b3 fxe4 19. Rae1 Nf6 20. Bg5 Qd7 21. Nxe4 Nxe4 22. Rxe4 Rxf1+ 23. Bxf1 Be5 24. Bf4 Qf5 25. Qe2 Bd4+ 26. Kh2 Bd7 27. Re7 Rf8 28. Bg2 Rf7 29. Bh6 Rxe7 30. Qxe7 Qf7 31. Qxf7+ Kxf7 32. h4 a4 33. Bh3 Be8 34. Be6+ Ke7 35. Bg5+ Bf6 36. Bf4 axb3 37. axb3 h5 38. Kg2 Bf7 39. Bxf7 Kxf7 40.
Kf3 Bc3 41. Bg5 Bf6 42. Bxf6 Kxf6 43. Kf4 Kf7 44. g4 hxg4 45. Kxg4 Kf6 46. Kf4 Kf7 47. Kg4 Kf6 48. Kf4 Kf7 49. Kg5 Kg7 50. Kg4 Kf6 1/2-1/2

[Event "Early-Titled-Tuesday-Blitz-September-12-2023"]
[Site "Chess.com"]
[Date "2023.09.12"]
[Round "3"]
[White "mitrabhaa"]
[Black "seramoral"]
[Result "1-0"]
[WhiteElo "2855"]
[BlackElo "2579"]
[TimeControl "180+1"]
[EndTime "8:28:29 PDT"]
[Termination "mitrabhaa won by resignation"]

1. Nf3 Nf6 2. d4 g6 3. g3 Bg7 4. Bg2 d5 5. O-O O-O 6. c4 dxc4 7. Na3 c3 8. bxc3 c5 9. Ne5 Nc6 10. Nac4 Nxe5 11. Nxe5 cxd4 12. cxd4 Ng4 13. Nf3 Bf5 14.
Bf4 Be4 15. Rc1 Qd5 16. Qb3 Rac8 17. Bc7 Nf6 18. Qa4 a6 19. Rc5 Qd7 20. Qa5 Nd5 21. Rfc1 e6 22. e3 Rfe8 23. Bb6 Rxc5 24. Bxc5 Rc8 25.
Qd2 Qd8 26. h4 h6 27. Qd1 b6 28. Ba3 Rc7 29. Nd2 Bxg2 30. Kxg2 Qc8 31. Rxc7 Qxc7 32. Qb3 Qc3 33. Ne4 Qxb3 34. axb3 Bf8 35. Bb2 Bb4 36. g4 b5 37. Kf3 a5 38. Ke2 a4 39.
bxa4 bxa4 40. Kd3 f5 41. gxf5 gxf5 42. Nc5 a3 43. Ba1 Kf7 44. f3 Be1 45. h5 Nf6 46. e4 fxe4+ 47. fxe4 Nxh5 48. d5 exd5 49. exd5 Nf6 50. d6 Ba5 51. Nb7 Bb6 52. Kc4 Nd7 53. Kb5 Be3 54. Kc6 Nf6 55. Bxf6 Kxf6 56. d7 a2 57.
d8=Q+ Kg6 58. Qg8+ 1-0

[Event "Early-Titled-Tuesday-Blitz-September-12-2023"]
[Site "Chess.com"]
[Date "2023.09.12"]
[Round "3"]
[White "taleslascando"]
[Black "NicolaiMaxime"]
[Result "0-1"]
[WhiteElo "1943"]
[BlackElo "2531"]
[TimeControl "180+1"]
[EndTime "8:28:30 PDT"]
[Termination "NicolaiMaxime won on time"]

1. e4 c5 2. Nf3 Nc6 3. Bb5 Nf6 4. Bxc6 dxc6 5. d3 g6 6. O-O Bg7 7. Nbd2 O-O 8. h3 Qc7 9. Rb1 e5 10. b3 h6 11. Bb2 Nd7 12. Nc4 b6 13. Qe2 Ba6 14. Ne3 Rae8 15. Nh2 Kh7 16. Qg4 Nf6 17. Qg3 Nh5 18. Qh4 Bc8 19. Nhg4 Nf4 20. Nf6+ Bxf6 21. Qxf6 Re6 22. Qh4 g5 23. Qg4 Rg6 24. Nf5 h5 25. Qf3 g4 26. hxg4 Rxg4 27. g3 Bxf5 28. exf5 Rfg8 29.
Kh2 Nd5 30. f6 h4 31. Qf5+ R8g6 32. Bxe5 hxg3+ 33. fxg3 Qd8 34. Rh1 Kg8 35. Kh3 Rh6+ 36. Kxg4 Ne3+ 37. Kf4 Nxf5 38. Kxf5 Qd7+ 39. Kf4 Rg6 40.
Rh4 Kf8 41. Rbh1 Rg8 42. g4 Qd5 43. Rh8 Qg2 44. g5 Qf2+ 45. Ke4 Qg2+ 46. Kf5 Qxg5+ 47. Ke4 Qg4+ 48. Bf4 Ke8 0-1

[Event "Early-Titled-Tuesday-Blitz-September-12-2023"]
[Site "Chess.com"]
[Date "2023.09.12"]
[Round "3"]
[White "Witik"]
[Black "LevonAronian"]
[Result "0-1"]
[WhiteElo "2746"]
[BlackElo "3038"]
[TimeControl "180+1"]
[EndTime "8:28:31 PDT"]
[Termination "LevonAronian won by resignation"]

1. d4 Nf6 2. Bf4 c5 3. e3 g6 4. Nf3 cxd4 5. exd4 Bg7 6. Nbd2 O-O 7. h3 Nc6 8. c3 d6 9. Be2 Nd5 10. Bh2 e5 11.
dxe5 dxe5 12. O-O Bf5 13. Nc4 e4 14. Nfe5 Nxe5 15. Nxe5 Nb6 16. Ng4 Be6 17. Qc2 f5 18. Rfd1 Qg5 19. Ne5 f4 20. Qxe4 Qxe5 21. Qxe5 Bxe5 22.
Bf3 Rae8 23. Bxb7 g5 24. a4 Bb3 25. Re1 Bf6 26. Rxe8 Rxe8 27. a5 Nc4 28. Bd5+ Kg7 29. g3 Rd8 30. Bxc4 Bxc4 31. gxf4 Rd2 32. fxg5 Bxg5 33.
Be5+ Bf6 34. Bxf6+ Kxf6 35. Ra4 Bb3 36. Rb4 Rxb2 37.
Rb7 h5 38. h4 a6 39. Rb6+ Kf5 40. Rxa6 Bd5 41. Rb6 Rxb6 42. axb6 Kg4 43. c4 Bc6 44. c5 Kxh4 45. Kh2 Kg4 46. Kg1 Kh3 47. f4 Kg4 48. Kh2 Kxf4 49. Kh3 Kg5 50. Kg3 h4+ 51. Kh3 Kh5 52.
Kh2 Kg4 53. b7 Bxb7 54. Kg1 Kg3 0-1

[Event "Early-Titled-Tuesday-Blitz-September-12-2023"]
[Site "Chess.com"]
[Date "2023.09.12"]
[Round "3"]
[White "TatjanaVasilevich"]
[Black "pasteta13"]
[Result "1-0"]
[WhiteElo "2575"]
[BlackElo "2403"]
[TimeControl "180+1"]
[EndTime "8:28:31 PDT"]
[Termination "TatjanaVasilevich won on time"]

1. d4 Nf6 2. c4 e6 3. Nc3 Bb4 4. Qc2 d5 5. Bg5 h6 6. Bxf6 Qxf6 7. e3 O-O 8. a3 Bxc3+ 9. Qxc3 c6 10. c5 Nd7 11. f4 b6 12. b4 a5 13. Rb1 axb4 14. axb4 Ba6 15. Bxa6 Rxa6 16. b5 cxb5 17. c6 Rc8 18. Rc1 Ra4 19. Qb3 Rc4 20. Rxc4 bxc4 21.
cxd7 Rc7 22. Qxb6 Rxd7 23. Ne2 Qe7 24. O-O Rb7 25. Qa6 Rb2 26. Ng3 Qb4 27. Kh1 Qd2 28. Rg1 Qxe3 29. Qc8+ Kh7 30. Qf8 Qxf4 31. Nh5 Qg5 32.
Qxf7 c3 33. Qf3 c2 34. Nf4 Qf5 35. Nd3 Rb3 36. Qxf5+ exf5 37. Nc1 Rb4 38. Ne2 g5 39. Rc1 Rc4 40. Kg1 f4 41. Kf2 Kg6 42. Kf3 Kf5 43.
g4+ fxg3 44. Nxg3+ Kg6 45. Ne2 Kf5 46. h3 h5 47. Ng3+ Kg6 48. Ne2 Kf5 49. Ke3 g4 50. h4 Rc6 51. Kd3 Rc8 52. Rf1+ Kg6 53. Nf4+ Kh6 54. Rc1 1-0

[Event "Early-Titled-Tuesday-Blitz-September-12-2023"]
[Site "Chess.com"]
[Date "2023.09.12"]
[Round "3"]
[White "gaby_przz"]
[Black "lrestevez"]
[Result "1-0"]
[WhiteElo "2403"]
[BlackElo "2124"]
[TimeControl "180+1"]
[EndTime "8:28:32 PDT"]
[Termination "gaby_przz won by resignation"]

1. d4 Nf6 2. Bg5 c5 3. d5 Qb6 4. Nc3 Qxb2 5. Bd2 Qb6 6. e4 d6 7. Rb1 Qd8 8. Bb5+ Nbd7 9. a4 a6 10. Be2 g6 11. f4 Bg7 12. Nf3 O-O 13. O-O Rb8 14. Qe1 Qc7 15. Qh4 h6 16. f5 g5 17.
Nxg5 hxg5 18. Bxg5 Ne5 19. Qg3 Kh7 20. Rf4 Rh8 21.
Rh4+ Kg8 22. Bxf6 exf6 23. Rf1 Rxh4 24. Qxh4 Kf8 25. g4 Qe7 26. Qg3 Ke8 27. h4 c4 28.
g5 b5 29. axb5 axb5 30. Qf2 Ra8 31. Nxb5 Ba6 32. Ra1 Qd8 33. Nd4 Bb7 34. Rb1 Qb6 35. Rxb6 Bc8 36. Rxd6 Ra1+ 37. Kg2 Bf8 38. Rxf6 Be7 39.
Rh6 Ra8 40. Rh8+ Kd7 41. Nc6 Bd6 42. Nxe5+ Bxe5 43. Rg8 Ke7 44. Qc5+ Bd6 45. Qxc8 Rxc8 46. Rxc8 Kd7 47. Rxc4 Be5 48. Kf3 Ba1 49. Kg4 Be5 50. Rc6 Bh2 51. h5 Bg1 52. h6 Bd4 53. h7 Ba1 54. f6 Bxf6 55. gxf6 1-0

[Event "Early-Titled-Tuesday-Blitz-September-12-2023"]
[Site "Chess.com"]
[Date "2023.09.12"]
[Round "3"]
[White "GaiozNigalidze"]
[Black "jcibarra"]
[Result "1-0"]
[WhiteElo "2727"]
[BlackElo "2926"]
[TimeControl "180+1"]
[EndTime "8:28:33 PDT"]
[Termination "GaiozNigalidze won on time"]

1. d4 Nf6 2. c4 d6 3. Nc3 e5 4. Nf3 e4 5. Nd2 Qe7 6. e3 Bf5 7. Be2 h5 8. h3 g6 9. b4 Bg7 10. Bb2 c6 11. b5 c5 12. dxc5 dxc5 13. Nd5 Qd8 14. Nxe4 Bxe4 15. Nxf6+ Bxf6 16. Qxd8+ Bxd8 17. Bxh8 Bxg2 18. Rg1 Ba5+ 19. Kd1 Bxh3 20. Bf3 Nd7 21. Bxb7 Rd8 22. Kc2 Nb6 23. Rad1 Nxc4 24. Bc6+ Ke7 25. Rxd8 Bxd8 26. a4 Be6 27. Bc3 h4 28. Kd3 Bc7 29.
Rh1 h3 30. Ke2 Ne5 31. Be4 f5 32. Bb7 f4 33. exf4 Nc4 34. Kf3 Nd6 35. Bc6 Nf5 36. a5 Nd4+ 37. Bxd4 cxd4 38. b6 axb6 39. a6 Bb8 40. Rb1 Ba7 41. Bb7 d3 42. Rc1 b5 43.
Rd1 Bc4 44. Be4 h2 45. Kg2 Bxf2 46. Bxd3 Bd5+ 47. Kxh2 Be3 48. Kg3 b4 49. Re1 1-0

[Event "Early-Titled-Tuesday-Blitz-September-12-2023"]
[Site "Chess.com"]
[Date "2023.09.12"]
[Round "3"]
[White "Rurep26"]
[Black "TERMINATOR_PC"]
[Result "0-1"]
[WhiteElo "2797"]
[BlackElo "2522"]
[TimeControl "180+1"]
[EndTime "8:28:33 PDT"]
[Termination "TERMINATOR_PC won by resignation"]

1. d4 Nf6 2. Bf4 d5 3. e3 c5 4. Nc3 cxd4 5. exd4 a6 6. Nf3 Bg4 7. Be2 Bxf3 8. Bxf3 Nc6 9. O-O e6 10. Re1 Bb4 11. Re3 O-O 12. Ne2 Rc8 13. c3 Bd6 14. Qb3 Na5 15. Qc2 Qb6 16. Bxd6 Qxd6 17. Ng3 b5 18. Be2 Nc6 19. Qd2 Rb8 20. a4 Na5 21. Qd1 Nc4 22. Bxc4 bxc4 23. Ra2 Rb7 24. Qf3 Rfb8 25.
Re2 Rb6 26. h4 h6 27. h5 Rb3 28. Rc2 R8b6 29. Qe3 Qb8 30. Qc1 a5 31. Nf1 Rb7 32.
Ng3 Kf8 33. Re2 Kg8 34. f4 Ne8 35. Kf2 Qd8 36. f5 Qh4 37. fxe6 Nd6 38. e7 Rxe7 39.
Rxe7 Qxe7 40. Qf4 Rb6 41. Kg1 Qe1+ 42. Kh2 Qb1 43. Qe5 Qxa2 44. Qe7 Qxb2 45. Qd8+ Kh7 46. Qd7 Qxc3 0-1

[Event "Early-Titled-Tuesday-Blitz-September-12-2023"]
[Site "Chess.com"]
[Date "2023.09.12"]
[Round "3"]
[White "Amirreza_p"]
[Black "AniJak"]
[Result "1-0"]
[WhiteElo "2570"]
[BlackElo "2386"]
[TimeControl "180+1"]
[EndTime "8:28:34 PDT"]
[Termination "Amirreza_p won by resignation"]

1. Nf3 f5 2. d3 Nf6 3. e4 d6 4.
Nc3 e5 5. Be2 g6 6. O-O Bg7 7.
Nd5 c6 8. Nxf6+ Qxf6 9. c3 O-O 10. b4 f4 11. d4 g5 12. dxe5 dxe5 13. Ne1 Be6 14.
c4 Nd7 15. a3 Rad8 16. Bb2 g4 17. Bxg4 Bxc4 18. Be2 Nb6 19. Qc2 Bxe2 20. Qxe2 Rd7 21. Nf3 Qe7 22. a4 Qxb4 23. Ba3 Qc4 24. Qxc4+ Nxc4 25. Bxf8 Kxf8 26. Rab1 a6 27. Rfc1 b5 28. axb5 axb5 29.
Ra1 Ke7 30. Kf1 Kd8 31. Ke2 Kc7 32. Ra7+ Kd8 33. Rxd7+ Kxd7 34. Nd2 Na3 35. Nb1 Nc4 36. Nd2 Na3 37. Nb1 Nc4 38. Kd3 Bf8 39. f3 Ne3 40. g3 c5 41. gxf4 exf4 42. Nc3 Kc6 43.
Nd1 Nc4 44. Rxc4 bxc4+ 45. Kxc4 Bd6 46. Nf2 Bf8 47. Nd3 Kd6 48. Nxf4 Ke5 49. Ne2 Kf6 50. Kd3 Kg5 51. Kc4 Kh4 52. Kd5 Kh3 53. e5 Kxh2 54.
f4 h5 55. f5 h4 56. f6 Kg2 57. e6 h3 58. Nf4+ Kg3 59. Nxh3 Kxh3 60. e7 1-0

[Event "Early-Titled-Tuesday-Blitz-September-12-2023"]
[Site "Chess.com"]
[Date "2023.09.12"]
[Round "3"]
[White "Daniel_Salinas"]
[Black "ChainedDowntohell"]
[Result "1-0"]
[WhiteElo "2365"]
[BlackElo "2534"]
[TimeControl "180+1"]
[EndTime "8:28:34 PDT"]
[Termination "Daniel_Salinas won by resignation"]

1. e4 c5 2. Nf3 e6 3. b3 b6 4. c4 Bb7 5. Nc3 Nc6 6. g3 Nge7 7. Bg2 Nd4 8. O-O Nec6 9. d3 Be7 10. Ne1 O-O 11.
f4 d6 12. Bb2 a6 13. g4 b5 14. g5 b4 15. Na4 e5 16. h4 exf4 17. Rxf4 f6 18. g6 hxg6 19. Nc2 f5 20. Nxd4 Nxd4 21. Bxd4 cxd4 22. exf5 Bxg2 23. Kxg2 Bxh4 24. Qg4 Qg5 25. Kh3 Qxg4+ 26. Kxg4 Bf6 27. fxg6 Be5 28. Rf5 Rxf5 29. Kxf5 Rf8+ 30. Ke4 Rf6 31. c5 Rxg6 32. c6 Re6 33.
Kd5 Re7 34. Nb6 g5 35. Rg1 Bf4 36. Nd7 Kf7 37. c7 Re8 38. Nb6 Kf6 39. c8=Q Rxc8 40.
Nxc8 Kf5 41. Nxd6+ Kg6 42. Ne4 Kf5 43. Kxd4 g4 44. Nf2 g3 45. Ne4 Kg4 46. Nxg3 Bxg3 47. Kc4 Kf3 48. Rxg3+ Kxg3 49. Kxb4 1-0

[Event "Early-Titled-Tuesday-Blitz-September-12-2023"]
[Site "Chess.com"]
[Date "2023.09.12"]
[Round "3"]
[White "Young_Catalan_Player09"]
[Black "kidagent"]
[Result "1-0"]
[WhiteElo "2435"]
[BlackElo "2213"]
[TimeControl "180+1"]
[EndTime "8:28:34 PDT"]
[Termination "Young_Catalan_Player09 won by resignation"]

1. Nf3 Nf6 2. d4 d5 3. Bf4 c5 4.
c3 cxd4 5. cxd4 Nc6 6. Nc3 a6 7. Ne5 e6 8. e3 Bd6 9. Nxc6 bxc6 10. Bxd6 Qxd6 11. Bd3 O-O 12. Na4 Qb4+ 13. Ke2 e5 14. dxe5 Ne4 15. Rc1 Bf5 16. f3 Rfe8 17.
g4 Nf2 18. Kxf2 Bxd3 19. b3 Bg6 20. Rxc6 Rxe5 21. Qd4 Qe7 22. Rhc1 h5 23. Rc8+ Rxc8 24. Rxc8+ Kh7 25. h3 hxg4 26. hxg4 Qh4+ 27. Kg2 Re6 28.
Rc1 Qg5 29. Qf4 Qxf4 30. exf4 Re2+ 31. Kg3 Rxa2 32. f5 Bxf5 33. gxf5 g6 34. fxg6+ Kxg6 35. Nc5 Rd2 36. Ra1 Rc2 37. Rxa6+ Kf5 38. b4 Rc4 39.
Rb6 d4 40. Rb7 d3 41. Nxd3 Rc3 42. Nc5 f6 43. Rb6 Rc1 44. Ne4 Ke5 45. Rxf6 Rc4 46. Rb6 Kd4 47. b5 Ke3 48. Rb7 Rb4 49. b6 Ke2 50.
Rb8 Rb3 51. b7 Rxf3+ 52. Kg4 Rb3 53. Nc5 Rb4+ 54. Kg5 Kf2 55. Rf8+ Kg3 56. b8=Q+ 1-0

[Event "Early-Titled-Tuesday-Blitz-September-12-2023"]
[Site "Chess.com"]
[Date "2023.09.12"]
[Round "3"]
[White "IMSlavin"]
[Black "TomLiu777"]
[Result "1-0"]
[WhiteElo "2204"]
[BlackElo "2408"]
[TimeControl "180+1"]
[EndTime "8:28:34 PDT"]
[Termination "IMSlavin won by resignation"]

1. e4 e6 2. Nf3 d5 3. e5 c5 4. b4 cxb4 5. a3 Nc6 6. axb4 Bxb4 7. c3 Be7 8. d4 Bd7 9. Bd3 g5 10. O-O h5 11. Na3 a6 12. Nc2 Nh6 13. Ne3 b5 14.
Ba3 Bxa3 15. Rxa3 Qe7 16. Qa1 g4 17. Nd2 b4 18. Rxa6 Rxa6 19. Qxa6 O-O 20. c4 Nxd4 21. cxd5 b3 22. d6 Qg5 23. Ndc4 h4 24. Qa7 Bc6 25. Qxd4 h3 26. Na5 Bxg2 27. Nxg2 hxg2 28. Rb1 Nf5 29. Qe4 Rc8 30. Nxb3 g3 31. hxg3 Qh5 32.
Kxg2 Kg7 33. Nd4 Rh8 34. Nxf5+ exf5 35. Qh4 Qg6 36. Qf6+ Qxf6 37. exf6+ Kxf6 38. d7 Rd8 39. Rb7 Ke6 40. Bc4+ Kf6 41. Bb5 Ke6 42. Rc7 Kd6 43. Rc8 Ke7 44. Rxd8 Kxd8 45. Kf3 1-0

[Event "Early-Titled-Tuesday-Blitz-September-12-2023"]
[Site "Chess.com"]
[Date "2023.09.12"]
[Round "3"]
[White "FairChess_on_YouTube"]
[Black "Abund"]
[Result "1-0"]
[WhiteElo "3041"]
[BlackElo "2749"]
[TimeControl "180+1"]
[EndTime "8:28:35 PDT"]
[Termination "FairChess_on_YouTube won by resignation"]

1. d4 Nf6 2. c4 e6 3. Nf3 d5 4.
Bg5 dxc4 5. e4 c5 6. Nc3 cxd4 7.
Qxd4 Qxd4 8. Nxd4 a6 9. Bxc4 h6 10. Bd2 Bc5 11. Nb3 Ba7 12. f3 Nc6 13. O-O-O Bd7 14.
Kb1 Rc8 15. Be2 O-O 16. Rc1 Ne5 17. Rhd1 Nc4 18. Bxc4 Rxc4 19. Na5 Rcc8 20. Nxb7 e5 21. Be1 Bd4 22. Ne2 Bxb2 23. Kxb2 Rb8 24. Rc7 Bc8 25. Bb4 Bxb7 26. Bxf8 Kxf8 27. Ka3 a5 28. Nc3 Ba6 29. Rc5 Nh5 30. Rxa5 Bc4 31. g3 Rc8 32. Rxe5 Nf6 33.
Kb4 Be6 34. Rc5 Rb8+ 35. Rb5 Rc8 36. Rd4 Ne8 37. a4 Nc7 38. Rb6 Na8 39. Rbd6 Ke7 40.
Nb5 Rc1 41. Ra6 Nc7 42. Ra7 Rb1+ 43. Ka5 Kf6 44. Rxc7 Rh1 45. f4 g5 46. f5 Bb3 47.
Rc5 Ra1 48. Rd6+ Ke7 49. f6+ 1-0

[Event "Early-Titled-Tuesday-Blitz-September-12-2023"]
[Site "Chess.com"]
[Date "2023.09.12"]
[Round "3"]
[White "Viacheslav92"]
[Black "Fandorine"]
[Result "0-1"]
[WhiteElo "2519"]
[BlackElo "2920"]
[TimeControl "180+1"]
[EndTime "8:28:37 PDT"]
[Termination "Fandorine won by resignation"]

1. e4 e5 2. Nf3 Nc6 3. Bb5 a6 4. Bxc6 dxc6 5. O-O Bd6 6. d4 exd4 7. Qxd4 f6 8. e5 fxe5 9. Nxe5 Nf6 10. Nc3 Be6 11. Ne4 Nxe4 12. Qxe4 O-O 13. Nxc6 Qf6 14. Nd4 Bc4 15.
Be3 Bxf1 16. Rxf1 Rae8 17. Qd5+ Qf7 18. Qxf7+ Rxf7 19. Rd1 h6 20. c3 Kh7 21. h3 Bf4 22. Nc2 Bxe3 23. Nxe3 Ree7 24. Rd4 Rd7 25. Kf1 Rxd4 26.
cxd4 c6 27. Ke2 Rf4 28. Nc2 Kg6 29. Ke3 Rf7 30. f4 h5 31. g3 Re7+ 32. Kf3 Kf6 33. Ne3 g6 34. g4 hxg4+ 35. hxg4 Rh7 36. g5+ Ke6 37. Ke4 Rh2 38. Nc4 Re2+ 39. Kd3 Rf2 40. Ke4 b5 41. Ne5 Rxb2 42. Nxg6 Re2+ 43. Kd3 Rxa2 44.
Nh4 b4 45. f5+ Kf7 46. Nf3 Ra3+ 47. Ke4 Rxf3 48. g6+ Kf6 49. Kxf3 b3 50. g7 Kxg7 51. Ke4 b2 52. Ke5 b1=Q 53. Ke6 Kf8 0-1